 Dungeon Crawl Stone Soup version 0.27-a0-972-gd1521fd518 (webtiles) character file.

Game seed: 5848771303771747675

79 kae the Ruffian (level 4, -7/36 HPs)
             Began as a Draconian Transmuter on Apr 13, 2021.
             Killed from afar by Pikel (15 damage)
             ... with an iceblast
             ... on level 4 of the Dungeon.
             The game lasted 00:01:50 (3460 turns).

kae the Ruffian (Draconian Transmuter)              Turns: 3460, Time: 00:01:50

Health: -7/36      AC:  2    Str: 13    XL:     4   Next: 16%
Magic:  5/7        EV: 19    Int: 14    God:
Gold:   63         SH:  5    Dex: 16    Spells: 3/7 levels left

rFire    . . .     SeeInvis .     - Unarmed
rCold    . . .     Faith    .   (shield currently unavailable)
rNeg     + . .     Spirit   .   (armour unavailable)
rPois    x         Reflect  +   (helmet currently unavailable)
rElec    .         Harm     .   (cloak currently unavailable)
rCorr    .         Rampage  .   (gloves currently unavailable)
Will     .....                  (boots currently unavailable)
Stlth    +.........             b - amulet of reflection
HPRegen  0.12/turn              i - ring of positive energy
MPRegen  0.10/turn              (no ring)

@: spider-form (expiring)
A: venomous fangs, AC +5, tiny, unfitting armour, (cold-blooded)
a: End Transformation


You were on level 4 of the Dungeon.
You were a venomous arachnid creature.
You visited 1 branch of the dungeon, and saw 4 of its levels.

You collected 86 gold pieces.
You spent 23 gold pieces at shops.

Inventory:

Hand Weapons
 f - a +0 whip (melded)
Armour
 a - a +2 pair of gloves (melded)
Jewellery
 b - an amulet of reflection (around neck)
 i - a ring of positive energy (left front leg)
 j - an amulet of magic regeneration
Potions
 c - a potion of berserk rage
 d - a potion of lignification
 e - a potion of curing
 h - a potion of invisibility
 l - a potion of heal wounds


   Skills:
 + Level 1.7 Fighting
 + Level 2.2 Dodging
 * Level 3.6 Unarmed Combat
 + Level 2.2 Spellcasting
 * Level 2.8 Transmutations
 * Level 0.9 Poison Magic


You had 3 spell levels left.
You knew the following spells:

 Your Spells              Type           Power      Damage    Failure   Level
a - Beastly Appendage     Tmut           18%        N/A       21%         1
b - Spider Form           Tmut/Pois      3%         N/A       54%         3

Your spell library contained the following spells:

 Spells                   Type           Power      Damage    Failure   Level
 Wereblood                Tmut           9%         N/A       26%         2
 Animate Skeleton         Necr           2%         N/A       45%         1
 Apportation              Tloc           2%         N/A       45%         1
 Corona                   Hex            1%         N/A       45%         1
 Summon Small Mammal      Summ           4%         N/A       45%         1
 Confusing Touch          Hex            1%         N/A       77%         3
 Gell's Gravitas          Tloc           0%         N/A       77%         3
 Ice Form                 Ice/Tmut       5%         N/A       91%         4
 Petrify                  Tmut/Erth      5%         N/A       91%         4
 Hydra Form               Tmut           4%         N/A       97%         5
 Yara's Violent Unravell  Hex/Tmut       2%         3d3       99%         5
 Metabolic Englaciation   Hex/Ice        0%         N/A       100%        5


Dungeon Overview and Level Annotations

Branches:
Dungeon (4/15)
 Temple: D:4-7

Altars:
Ashenzari
Elyvilon

Shops:
D:2 *

Annotations:
D:4 Pikel


Innate Abilities, Weirdness & Mutations

You are a venomous arachnid creature.
You have poisonous fangs.
You are tiny and dextrous.
Your spellcasting is less reliable in this form.
Your armour is entirely melded.
You are incapable of wielding weapons or throwing items.
((Your plain brown scales are hard. (AC +5)))
You cannot fit into any form of body armour.
((You are cold-blooded and may be slowed by cold attacks.))


Message History

Found a ring mail.
No target in view!
No target in view!
You open the door. 3 lemures and Pikel come into view.
Pikel is wielding a +2 whip of freezing and carrying a wand of iceblast (9).
Pikel shouts!
The lemure shouts! x2
There are monsters nearby!
There are monsters nearby!
Casting: Beastly Appendage (safe; 8% risk of failure)
Confirm with . or Enter, or press ? or * to list all spells.
The spell is quite dangerous to cast (32% risk of failure)!
Continue anyway? [Y]es or [N]o only, please.
The spell is quite dangerous to cast (32% risk of failure)!
Continue anyway?
You turn into a venomous arachnid creature.
Your +0 whip melds into your body.
Your +2 pair of gloves melds into your body.
Pikel hits you with a +2 whip of freezing!
Pikel freezes you.
You barely miss Pikel.
Pikel hits you with a +2 whip of freezing.
Pikel freezes you.
You barely miss Pikel. Pikel completely misses you.
You hit Pikel.
Pikel is poisoned.
Pikel is lightly wounded.
Your transformation is almost over.
Pikel hits you with a +2 whip of freezing!
Pikel freezes you.
* * * LOW HITPOINT WARNING * * *
You completely miss Pikel.
Pikel is lightly wounded.
Pikel misses you.
You hit Pikel but do no damage.
Pikel looks as sick as possible!
Pikel is lightly wounded.
You block Pikel's attack.
You barely miss Pikel.
Pikel is lightly wounded.
Pikel closely misses you.
Pikel zaps a wand.
The mass of ice explodes!
The iceblast engulfs you!
You die...

#.>........#
#..........####
#.............
###.........#.####
....>.............
#...............
#......#<.#.#...
#.###....##..#
#.55'5K.s.#..#
#####........#
#.......)+
#........#
#....##### #...^#
#....# #....#


You could see Pikel (very poisoned) and 3 lemures.

Vanquished Creatures
  2 adders
  4 worms (D:2)
  2 dart slugs
  An orc (D:3)
  3 bats
  4 endoplasms
  A giant cockroach (D:2)
  A goblin (D:2)
  2 hobgoblins
  4 quokkas
  5 ball pythons
  14 frilled lizards
  A kobold (D:1)
  2 rats (D:2)
46 creatures vanquished.

Notes
Turn   | Place    | Note
-------+----------+-------------------------------------------
     0 | D:1      | kae the Draconian Transmuter began the quest for the Orb.
     0 | D:1      | Reached XP level 1. HP: 16/16 MP: 3/3
    60 | D:1      | Found a faded altar of an unknown god.
   669 | D:2      | Reached XP level 2. HP: 17/23 MP: 3/5
   753 | D:2      | Found Geuzeh's Assorted Antiques.
   828 | D:2      | Bought a scroll labelled GAUPEL NUFIAS for 23 gold pieces
  1232 | D:2      | HP: 1/23 [worm (11)]
  1553 | D:2      | Reached XP level 3. HP: 18/28 MP: 4/6
  1564 | D:2      | Learned a level 3 spell: Spider Form
  2253 | D:3      | Found a broken altar of Ashenzari.
  2437 | D:3      | Found a white marble altar of Elyvilon.
  2798 | D:3      | Reached XP level 4. HP: 35/36 MP: 3/7
  3450 | D:4      | Noticed Pikel
  3450 | D:4      | Noticed a lemure
  3450 | D:4      | Noticed a lemure
  3450 | D:4      | Noticed a lemure
  3460 | D:4      | Killed from afar by Pikel

Illustrated notes

Levels and vault maps discovered:
D:1:      dpeg_arrival_radiant, layout_rooms,
          shapermc_ecumenical_altar_totnotflames
D:2:      minmay_diamond_boxcup, layout_rooms, serial_shops, shop
D:3:      layout_loops_ring, nicolae_overflow_crystal_walls,
          nicolae_ashenzari_panopticon, serial_rivers,
          chequers_serial_rivers_small_b, chequers_serial_rivers_micro_b,
          chequers_serial_rivers_small_a, chequers_serial_rivers_marsh,
          minmay_lizard_king
D:4:      layout_basic, uniq_pikel, uniq_natasha, uniq_edmund

Skill      XL: |  1  2 |
---------------+-------+-----
Dodging        | 2 |  2.2
Fighting       | |  1.7
Unarmed Combat | |  3.6
Spellcasting   | |  2.2
Transmutations | |  2.8
Poison Magic   | |  0.9

Action                   |  1- 3 |  4- 6 || total
-------------------------+-------+-------++-------
Melee: Unarmed           |    14 |     6 ||    20
       Whip              |   111 |    26 ||   137
       Kick              |    11 |     6 ||    17
       Tailslap          |    12 |     4 ||    16
       Headbutt          |     7 |     2 ||     9
 Cast: Beastly Appendage |    22 |     4 ||    26
       Spider Form       |       |     1 ||     1
  Use: Scroll            |     7 |     3 ||    10
       Potion            |     1 |       ||     1
 Stab: Sleeping          |     1 |       ||     1
Armor: Skin              |    39 |     4 ||    43
Dodge: Dodged            |    66 |    21 ||    87
Block: Other             |    11 |     6 ||    17

Table legend: (Time is in decaauts)
 A = Elapsed time spent in this place.
 B = Non-inter-level travel time spent in this place.
 C = Inter-level travel time spent in this place.
 D = Time resting spent in this place.
 E = Time spent auto-exploring this place.
 F = Levels seen in this place.
 G = Mean time per level.
                   A        B        C        D        E       F      G
               +--------+--------+--------+--------+--------+-----+--------+
         Total |   3479 |   3359 |    120 |      9 |   2974 |   4 |  869.8 |
       Dungeon |   3479 |   3359 |    120 |      9 |   2974 |   4 |  869.8 |
               +--------+--------+--------+--------+--------+-----+--------+

Top non-repeatable levels by time:
     D:2: 1546 daAuts
     D:3: 1212 daAuts
     D:1: 658 daAuts
     D:4: 62 daAuts
